 Dungeon Sprint DCSS version 0.17-a0-2115-g0d8b93e (webtiles) character file.

4300000 Ordine the Axe Maniac (level 22, -27/254 HPs)
             Began as a Deep Dwarf Warper on Oct 19, 2015.
             Was the Champion of Makhleb.
             Killed from afar by a large bag of meat (31 damage)
             ... with an exploding inner flame
             ... in the Dungeon (Sprint VIII: "Arena of Blood").
             The game lasted 00:03:49 (43 turns).

Ordine the Axe Maniac (Deep Dwarf Warper)             Turns: 43, Time: 00:03:51

Health: -27/254    AC:  6    Str: 17    XL:     22   Next: 85%
Magic:  25/53      EV: 34    Int: 15    God:    Makhleb [******]
Gold:   0          SH:  0    Dex: 19    Spells: 1 memorised, 74 levels left

rFire  . . .     SeeInvis .     l - +∞ Axe of Woe
rCold  . . .     Clarity  .     a - +0 leather armour
rNeg   + . .     SustAt   .     (no shield)
rPois  .         Gourm    .     (no helmet)
rElec  .         Spirit   .     (no cloak)
rCorr  .         Warding  .     (no gloves)
rMut   .         NoTele   +     (no boots)
MR     +++..                    (no amulet)
Stlth  +++++++++.               (no ring)
                                (no ring)

@: non-regenerating, extremely resistant to hostile enchantments, incredibly
stealthy
A: damage resistance, recharge devices, negative energy resistance 1, sense
surroundings 3, slow regeneration 3
a: Device Recharging, Minor Destruction, Lesser Servant of Makhleb, Major
Destruction, Greater Servant of Makhleb, Renounce Religion


You were in the Dungeon.
You worshipped Makhleb.
Makhleb was exalted by your worship.
You were not hungry.

You visited 1 branch

Inventory:

Hand Weapons
 l - the +∞ Axe of Woe (weapon)
   (You found it in the Dungeon)
Missiles
 d - 5 tomahawks of dispersal (quivered)
Armour
 a - a +0 leather armour (worn)
Wands
 e - a wand of heal wounds (5)
Scrolls
 c - 2 scrolls of blinking
Potions
 g - a potion of curing
 h - a potion of heal wounds
 i - a potion of haste
 j - 2 potions of magic
 k - a potion of berserk rage
Books
 b - a book of Spatial Translocations

   Spells                             Type                      Level
   a - Apportation                    Translocation                1
   b - Blink                          Translocation                2
   c - Shroud of Golubria             Charms/Translocation         2
   d - Portal Projectile              Translocation                3
   e - Teleport Other                 Translocation                3
   f - Passage of Golubria            Translocation                4
Comestibles
 f - a bread ration


   Skills:
 O Level 27 Fighting
 O Level 27 Axes
 O Level 27 Throwing
 O Level 27 Armour
 O Level 27 Dodging
 O Level 27 Stealth
 O Level 27 Unarmed Combat
 O Level 27 Spellcasting
 O Level 27 Translocations
 O Level 27 Invocations
 O Level 27 Evocations


You had 74 spell levels left.
You knew the following spells:

 Your Spells              Type           Power        Failure   Level  Hunger
a - Apportation           Tloc           #######...   0%          1    None


Dungeon Overview and Level Annotations

Branches:
Dungeon (1/1)

Altars:
Makhleb

Annotations:
D The Servant


Innate Abilities, Weirdness & Mutations

You are resistant to damage.
You can recharge devices by infusing magical energy.
You resist negative energy.
You passively map a large area around you.
You do not regenerate naturally.


Message History

Your body is wracked with pain!
The bag of meat convulses!
The bag of meat convulses!
The large bag of meat convulses!
The meat berserker convulses!
You hear a shout! x2
The Servant hits you from afar with a +9 glaive of flaming!!!!
* * * LOW HITPOINT WARNING * * *
The Servant burns you!!
* * * LOW HITPOINT WARNING * * *
Some corpses begin to drag themselves along the ground!
Some corpses meld into an agglomeration of writhing flesh!
The bag of meat moves out of view. 3 orcs and a small abomination come into view.
Unknown command.
The bag of meat shouts! x2
You hit the large bag of meat.
You slaughter the large bag of meat joyfully.
The large bag of meat explodes!
The fiery explosion engulfs the bag of meat.
The fiery explosion engulfs you!
You die...

, , ,,, , , ..
......§o.....#. #..
....#.....D...... #..
....#....o......## ,* ##..
....###..........
....###.............#* . ,
....._.........z.V..,...,,
, , #.V...#.....@O#.#.....
#_.<._#x.V...o@o...... ,*
..#..)).#....))#§#O#....,
....)_)).)).xo.§Co.oo . ,
....###)))....ox#o#.#.o ,,
##.......###....Ooo.o.#. ,
#.......# ......ooo..o*
#.......#......o.o..o#
,.............V..o.o.o , ,
.............#...#.., , ,


You could see The Servant, an eight-headed meat hydra, 3 destroyers, a sculptor
of flesh, a large bag of meat (inner flame), 2 meat berserkers, a small
abomination and 19 bags of meat.

Vanquished Creatures
  2 vampire knights (D)
  9 ogres (D)
  20 orcs (D)
31 creatures vanquished.

Notes
Turn   | Place    | Note
--------------------------------------------------------------
     0 | D        | Ordine the Deep Dwarf Warper began the quest for the Orb.
     0 | D        | Reached XP level 1. HP: 19/19 MP: 3/3
     3 | D        | Noticed a bag of meat
     3 | D        | Noticed a bag of meat
     4 | D        | Became a worshipper of Makhleb the Destroyer
     5 | D        | Noticed a bag of meat
     5 | D        | Noticed a meat berserker
     5 | D        | Noticed a bag of meat
     6 | D        | Noticed a bag of meat
     7 | D        | Noticed a meat berserker
     7 | D        | Killed a meat berserker
     7 | D        | Reached skill level 27 in Axes
     7 | D        | Reached XP level 2. HP: 22/56 MP: 4/4
     7 | D        | Reached XP level 3. HP: 24/63 MP: 5/5
     7 | D        | Reached XP level 4. HP: 27/72 MP: 6/6
     7 | D        | Reached XP level 5. HP: 30/80 MP: 7/7
     7 | D        | Reached XP level 6. HP: 33/88 MP: 8/8
     7 | D        | Reached XP level 7. HP: 36/96 MP: 9/9
     7 | D        | Reached XP level 8. HP: 39/104 MP: 10/10
     7 | D        | Gained mutation: You passively map the area around you. [Deep Dwarf growth]
     7 | D        | Reached XP level 9. HP: 41/111 MP: 11/11
     7 | D        | Reached XP level 10. HP: 44/121 MP: 12/12
     7 | D        | Reached XP level 11. HP: 46/128 MP: 13/13
     7 | D        | Reached XP level 12. HP: 48/136 MP: 14/14
     7 | D        | Reached XP level 13. HP: 50/144 MP: 15/15
     8 | D        | Noticed a bag of meat
     8 | D        | Killed a bag of meat
     8 | D        | Reached * piety under Makhleb
     8 | D        | Killed a bag of meat
     8 | D        | Gained mutation: You resist negative energy. [Deep Dwarf growth]
     8 | D        | Reached XP level 14. HP: 53/174 MP: 16/16
     9 | D        | Killed a bag of meat
     9 | D        | Reached ** piety under Makhleb
     9 | D        | Killed a meat berserker
     9 | D        | Reached skill level 27 in Fighting
     9 | D        | Reached XP level 15. HP: 163/190 MP: 17/17
    11 | D        | Noticed a bag of meat
    11 | D        | Killed a bag of meat
    11 | D        | Reached *** piety under Makhleb
    11 | D        | Killed a bag of meat
    11 | D        | Reached XP level 16. HP: 171/200 MP: 18/18
    13 | D        | Killed a bag of meat
    13 | D        | Reached **** piety under Makhleb
    13 | D        | Reached skill level 27 in Dodging
    13 | D        | Reached skill level 15 in Stealth
    14 | D        | Noticed a bag of meat
    16 | D        | Noticed a meat berserker
    16 | D        | Killed a bag of meat
    17 | D        | Noticed a bag of meat
    17 | D        | Noticed a meat berserker
    17 | D        | Noticed a meat berserker
    17 | D        | Killed a meat berserker
    17 | D        | Reached skill level 27 in Stealth
    17 | D        | Reached skill level 15 in Armour
    17 | D        | Reached XP level 17. HP: 208/208 MP: 19/19
    18 | D        | Killed a meat berserker
    18 | D        | Reached ***** piety under Makhleb
    19 | D        | Killed a bag of meat
    19 | D        | Reached skill level 27 in Armour
    19 | D        | Gained mutation: You passively map a large area around you. [Deep Dwarf growth]
    19 | D        | Reached XP level 18. HP: 218/218 MP: 20/20
    20 | D        | Noticed a bag of meat
    21 | D        | Noticed a bag of meat
    21 | D        | Noticed a bag of meat
    21 | D        | Killed a meat berserker
    21 | D        | Killed a bag of meat
    22 | D        | Noticed a meat berserker
    22 | D        | Noticed a destroyer
    22 | D        | Noticed a bag of meat
    22 | D        | Noticed a bag of meat
    22 | D        | Noticed a bag of meat
    23 | D        | Noticed a destroyer
    23 | D        | Noticed a destroyer
    23 | D        | Killed a bag of meat
    23 | D        | Reached skill level 27 in Translocations
    23 | D        | Reached XP level 19. HP: 226/226 MP: 20/29
    23 | D        | Killed a bag of meat
    25 | D        | Noticed a bag of meat
    25 | D        | Noticed a bag of meat
    25 | D        | Killed a destroyer
    26 | D        | Killed a bag of meat
    26 | D        | Reached ****** piety under Makhleb
    26 | D        | Killed a destroyer
    26 | D        | Reached skill level 27 in Spellcasting
    26 | D        | Reached XP level 20. HP: 236/236 MP: 20/51
    27 | D        | Killed a bag of meat
    27 | D        | Killed a bag of meat
    27 | D        | Reached skill level 27 in Invocations
    28 | D        | Noticed a large bag of meat
    29 | D        | Noticed a bag of meat
    29 | D        | Noticed a bag of meat
    29 | D        | Noticed a meat berserker
    29 | D        | Noticed a bag of meat
    30 | D        | Killed a meat berserker
    30 | D        | Reached XP level 21. HP: 244/244 MP: 21/52
    30 | D        | Killed a bag of meat
    30 | D        | Reached skill level 27 in Evocations
    31 | D        | Noticed a bag of meat
    31 | D        | Noticed a destroyer
    31 | D        | Noticed a bag of meat
    32 | D        | Noticed a bag of meat
    32 | D        | Killed a meat berserker
    33 | D        | Noticed a bag of meat
    33 | D        | Killed a bag of meat
    33 | D        | Killed a bag of meat
    34 | D        | Noticed a meat berserker
    34 | D        | Noticed a bag of meat
    34 | D        | Noticed The Servant
    34 | D        | Noticed a destroyer
    34 | D        | Noticed a bag of meat
    34 | D        | Noticed a bag of meat
    34 | D        | Noticed a bag of meat
    34 | D        | Noticed a large bag of meat
    35 | D        | Noticed a meat berserker
    35 | D        | Noticed a bag of meat
    35 | D        | Noticed an eight-headed meat hydra
    35 | D        | Noticed a bag of meat
    36 | D        | Noticed a bag of meat
    36 | D        | Noticed a meat berserker
    36 | D        | Noticed a bag of meat
    36 | D        | Noticed a bag of meat
    37 | D        | Noticed a bag of meat
    37 | D        | Noticed a bag of meat
    37 | D        | Killed a bag of meat
    37 | D        | Reached skill level 27 in Unarmed Combat
    37 | D        | Reached skill level 5 in Throwing
    37 | D        | Reached XP level 22. HP: 254/254 MP: 23/53
    37 | D        | Killed a bag of meat
    38 | D        | Noticed a bag of meat
    38 | D        | Noticed a meat berserker
    38 | D        | Noticed a bag of meat
    38 | D        | Noticed a bag of meat
    39 | D        | Noticed a sculptor of flesh
    39 | D        | Noticed a bag of meat
    39 | D        | Noticed a bag of meat
    39 | D        | Noticed a large bag of meat
    40 | D        | Noticed a destroyer
    40 | D        | Killed a meat berserker
    41 | D        | Noticed a bag of meat
    41 | D        | Noticed a meat berserker
    41 | D        | Noticed a bag of meat
    41 | D        | Killed a meat berserker
    42 | D        | Noticed a bag of meat
    42 | D        | Noticed a destroyer
    42 | D        | Killed a bag of meat
    42 | D        | Reached skill level 27 in Throwing
    42 | D        | HP: 4/254 [The Servant/+9 glaive of flaming (29)]
    43 | D        | Noticed a bag of meat
    43 | D        | Noticed a bag of meat
    43 | D        | Noticed a bag of meat
    43 | D        | Killed a large bag of meat
    43 | D        | Killed from afar by a large bag of meat

Vault maps used:
D:        meatsprint

Action                   |  1- 3 |  4- 6 |  7- 9 | 10-12 | 13-15 | 16-18 | 19-21 | 22-24 || total
-------------------------+-------+-------+-------+-------+-------+-------+-------+-------++-------
Melee: Executioner's axe |     1 |       |       |       |     2 |     5 |     6 |     4 ||    18
